 Dungeon Crawl Stone Soup version 0.31.0-9-g3a7656b989 (webtiles) character file.

Game seed: 5114644271345847586

123 qw the Skirmisher (level 4, -2/25 HPs)
             Began as a Deep Elf Hunter on Feb 2, 2024.
             Killed by nerve-wracking pain
             ... invoked by Grinder
              (10 damage)
             ... on level 3 of the Dungeon.
             The game lasted 00:00:05 (1519 turns).

qw the Skirmisher (Deep Elf Hunter)                 Turns: 1519, Time: 00:00:05

Health: -2/25      AC:  6    Str: 10    XL:     4   Next: 79%
Magic:  6/6        EV: 12    Int: 14    God:
Gold:   105        SH:  0    Dex: 18    Spells: 3/3 levels left

rFire   + . .        a - +0 shortbow
rCold   . . .        (shield currently unavailable)
rNeg    . . .        i - +3 leather armour {rF+}
rPois   +            (no helmet)
rElec   .            (no cloak)
rCorr   .            (no gloves)
SInv    .            (no boots)
Will    .....        (no amulet)
Stlth   ++           (no ring)
HPRegen 0.24/turn    (no ring)
MPRegen 0.10/turn

%: no passive effects
@: no status effects
A: mutation resistance 1, poison resistance
a: no special abilities


You were on level 3 of the Dungeon.
You visited 1 branch of the dungeon, and saw 3 of its levels.

You collected 105 gold pieces.


Innate Abilities, Weirdness & Mutations

You are somewhat resistant to further mutation.
Your system is resistant to poisons. (rPois)


   Skills:
 - Level 1.5 Fighting
 + Level 8.2 Ranged Weapons
 - Level 2.4 Dodging
 - Level 1.2 Stealth


You had 3 spell levels left.
You didn't know any spells.
Your spell library was empty.

Inventory:

Hand Weapons
 a - a +0 shortbow (weapon)
Armour
 i - a +3 leather armour of fire resistance (worn)
Potions
 f - 2 potions of curing
 h - a potion of heal wounds {unknown}
 j - a potion of might {unknown}

Dungeon Overview and Level Annotations

Branches:
Dungeon (3/15)

Altars:

Annotations:
D:3 Grinder


Message History

The adder is severely wounded.
The adder bites you but does no damage.
You shoot an arrow. The arrow hits the adder!
You kill the adder!
Found an escape hatch in the floor.
There is an escape hatch in the floor here.
Found a club.
A bat comes into view.
You shoot an arrow. The arrow hits the bat!
You kill the bat!
Grinder comes into view.
You shoot an arrow. The arrow hits Grinder.
Grinder shouts!
Grinder is lightly wounded.
You shoot an arrow. The arrow closely misses Grinder.
You shoot an arrow. The arrow hits Grinder.
Grinder is lightly wounded.
You shoot an arrow. The arrow hits Grinder.
Grinder is lightly wounded.
Grinder blinks!
You shoot an arrow. The arrow hits Grinder.
Grinder is moderately wounded.
You shoot an arrow. The arrow hits Grinder.
Grinder is heavily wounded.
Grinder says, "DUCK!"
You shoot an arrow. The arrow hits Grinder.
Grinder is heavily wounded.
You shoot an arrow. The arrow barely misses Grinder.
Grinder gestures at you. Pain shoots through your body!
You shoot an arrow. The arrow completely misses Grinder.
Grinder hits you!
You shoot an arrow. The arrow hits Grinder.
Grinder is severely wounded.
Grinder hits you but does no damage.
You shoot an arrow. The arrow barely misses Grinder.
Grinder gestures at you. Pain shoots through your body!
You die...
Grinder sighs, "Dead already?
I want a refund."

#........###########
.....).............#
#######..#########.#
..........# #.#
######..#.# #>#
#..#.#######.######
#..................
#..#...............
#.@############.###
#......5# #.#
......... #.###
#..#...... #####....
.%.........
........#
...#......##
.######.#
...#(.....# #.# ..
......## #.# #.#


You could see Grinder.

Vanquished Creatures
  Terence (D:3)
  5 adders
  3 dart slugs
  A ribbon worm (D:2)
  2 endoplasms (D:2)
  2 giant cockroaches
  2 goblins (D:1)
  5 hobgoblins
  2 jackals (D:1)
  A quokka (D:1)
  6 ball pythons
  7 bats
  2 frilled lizards (D:1)
  2 kobolds (D:2)
  6 rats
47 creatures vanquished.

Notes
Turn   | Place    | Note
-------+----------+-------------------------------------------
     0 | D:1      | qw the Deep Elf Hunter began the quest for the Orb.
     0 | D:1      | Reached XP level 1. HP: 12/12 MP: 3/3
     0 | D:1      | 0 ||| qw: Version: 0.3-a-155-g5e7d8dd
     0 | D:1      | 0 ||| qw: Game counter: 226
     0 | D:1      | 0 ||| qw: Melee chars always use a shield: true
     0 | D:1      | 0 ||| qw: God list: Okawaru
     0 | D:1      | 0 ||| qw: Allow faded altars: false
     0 | D:1      | 0 ||| qw: Do Orc after clearing Dungeon:15 true
     0 | D:1      | 0 ||| qw: Do second Lair branch before Depths: true
     0 | D:1      | 0 ||| qw: Lair rune preference: random
     0 | D:1      | 0 ||| qw: Goals: Normal
     0 | D:1      | 0 ||| PLANNING D:1-11
    71 | D:1      | Found a faded altar of an unknown god.
   229 | D:1      | Reached skill level 6 in Ranged Weapons
   229 | D:1      | Reached XP level 2. HP: 16/16 MP: 4/4
   660 | D:1      | 660 ||| UPGRADING to +0 scale mail.
   670 | D:1      | 670 ||| DROPPING +0 leather armour.
   671 | D:1      | 671 ||| UPGRADING to +0 ring mail.
   681 | D:1      | 681 ||| DROPPING +0 scale mail.
   682 | D:1      | 682 ||| READING scroll labelled TIATIU JOTHEWK.
   683 | D:1      | 683 ||| DRINKING 2 fizzy yellow potions.
   684 | D:1      | 684 ||| DROPPING scroll of butterflies.
   695 | D:2      | 695 ||| STAIRDANCE
   709 | D:2      | Reached XP level 3. HP: 20/20 MP: 5/5
   818 | D:2      | Reached skill level 7 in Ranged Weapons
  1056 | D:2      | Reached XP level 4. HP: 25/25 MP: 6/6
  1252 | D:2      | 1252 ||| UPGRADING to +3 leather armour of fire resistance.
  1262 | D:2      | 1262 ||| DROPPING +0 ring mail.
  1263 | D:2      | 1263 ||| READING scroll labelled CEHIUH GOIRUST.
  1364 | D:2      | 1364 ||| READING scroll labelled HACUXE AMEOCUA.
  1364 | D:2      | 1364 ||| IDENTIFYING green potion
  1365 | D:2      | 1365 ||| READING scroll labelled BOPPUA CAAN.
  1366 | D:2      | 1366 ||| DRINKING 2 grey potions.
  1366 | D:2      | Gained mutation: You have supernaturally acute eyesight.
                  | (SInv) [potion of mutation]
  1366 | D:2      | Gained mutation: You are occasionally teleported next to
                  | monsters. [potion of mutation]
  1366 | D:2      | Gained mutation: You are resistant to electric shocks.
                  | (rElec) [potion of mutation]
  1367 | D:2      | 1367 ||| DRINKING potion of mutation.
  1367 | D:2      | Lost mutation: You have supernaturally acute eyesight.
                  | (SInv) [potion of mutation]
  1367 | D:2      | Lost mutation: You are occasionally teleported next to
                  | monsters. [potion of mutation]
  1367 | D:2      | Lost mutation: You are resistant to electric shocks.
                  | (rElec) [potion of mutation]
  1367 | D:2      | Gained mutation: Your system is resistant to poisons.
                  | (rPois) [potion of mutation]
  1367 | D:2      | Gained mutation: You are somewhat resistant to further
                  | mutation. [potion of mutation]
  1368 | D:2      | 1368 ||| DROPPING potion of degeneration.
  1433 | D:3      | Noticed Terence
  1438 | D:3      | Killed Terence
  1439 | D:3      | Reached skill level 8 in Ranged Weapons
  1508 | D:3      | Noticed Grinder
  1519 | D:3      | Killed from afar by Grinder

Levels and vault maps discovered:
D:1:      dreamdust_arrival_sigmund_warning, layout_basic,
          ebering_ecumenical_altar_rust, kennysheep_doodads
D:2:      layout_rooms
D:3:      layout_loops_ring, uniq_terence, uniq_grinder

Skill      XL: |  1  2  3  4 |
---------------+-------------+-----
Ranged Weapons | 6 7 8 |  8.2
Fighting       | |  1.5
Dodging        | |  2.4
Stealth        | |  1.2

Action                     |  1- 3 |  4- 6 || total
---------------------------+-------+-------++-------
   Fire: Shortbow          |    90 |    40 ||   130
    Use: Scroll            |     1 |     3 ||     4
         Potion            |     1 |     2 ||     3
 Armour: Leather armour    |     2 |     6 ||     8
         Ring mail         |     9 |       ||     9
  Dodge: Dodged            |    22 |     5 ||    27

Table legend:
 A = Non-vault XP
 B = Vault XP
 C = Vault XP percentage of total XP
 D = Non-vault monster count
 E = Vault monster count
 F = Vault count percentage of total count
                 A         B        C        D         E       F
            +---------+---------+-------+---------+---------+-------
      Total |     140 |      36 |  20.5 |      46 |       1 |   2.1
            +---------+---------+-------+---------+---------+-------
        D:1 |      38 |       0 |   0.0 |      22 |       0 |   0.0
        D:2 |      77 |       0 |   0.0 |      16 |       0 |   0.0
        D:3 |      25 |      36 |  59.0 |       8 |       1 |  11.1
            +---------+---------+-------+---------+---------+-------
